Construct Section Command Post
Selects Indian Artillery Battlegroup
Construct Field Infirmary
Construct Platoon Command Post
Selects Towed ML 4.2-inch Heavy Mortar
Selects Off-map Airburst Barrage
Towed ML 4.2-inch Heavy Mortar
Towed ML 4.2-inch Heavy Mortar
Construct Company Command Post
Selects Perimeter Monitor
Towed ML 4.2-inch Heavy Mortar
Unlock Towed 17-pounder Anti-tank Guns
17-pounder Anti-tank Gun Team
Selects Gurkha Rifles Section
17-pounder Anti-tank Gun Team